 Dungeon Crawl Stone Soup version 0.16.0-11-gd45b091 (webtiles) character file.

32 eeldvark the Poker (level 3, -7/32 HPs)
             Began as a Naga Warper on Mar 17, 2015.
             Mangled by Terence
             ... wielding a +1 flail of holy wrath
              (9 damage)
             ... on level 2 of the Dungeon.
             The game lasted 00:03:23 (920 turns).

eeldvark the Poker (Naga Warper)                     Turns: 920, Time: 00:03:23

Health: -7/32      AC:  3    Str: 13    XL:     3   Next: 27%
Magic:  3/6        EV:  9    Int: 13    God:
Gold:   49         SH:  0    Dex: 11    Spells: 3 memorised, 1 level left

rFire  . . .     SeeInvis +     a - +0 spear
rCold  . . .     Clarity  .     b - +0 leather armour
rNeg   . . .     SustAb   .     (no shield)
rPois  +         Gourm    .     j - +0 helmet
rElec  .         Spirit   .     (no cloak)
rCorr  .         Warding  .     (no gloves)
rMut   .         Stasis   .     (no barding)
MR     .....                    (no amulet)
Stlth  +.........               (no ring)
                                (no ring)

@: short of breath, very slow, not resistant to hostile enchantments, very
unstealthy
A: spit poison, see invisible, deformed body, poison resistance, slowness 2, AC
+1
a: Spit Poison


You were on level 2 of the Dungeon.
You were hungry.

You visited 1 branch of the dungeon, and saw 2 of its levels.

You collected 49 gold pieces.

Inventory:

Hand weapons
 a - a +0 spear (weapon)
Missiles
 e - 5 tomahawks of dispersal (quivered)
Armour
 b - a +0 leather armour (worn)
 j - a +0 helmet (worn)
Jewellery
 n - an uncursed ring of protection from fire {unknown}
Scrolls
 d - 2 scrolls of blinking
 g - a scroll of fog {unknown}
 h - a scroll of magic mapping {unknown}
 i - a scroll of amnesia {unknown}
 m - a scroll of random uselessness {unknown}
 o - a scroll of identify {unknown}
Potions
 k - a potion of cure mutation {unknown}
 l - a potion of might {unknown}
Books
 c - a book of Spatial Translocations

   Spells                             Type                      Level
   a - Apportation                    Translocation                1
   b - Blink                          Translocation                2
   c - Shroud of Golubria             Charms/Translocation         2
   d - Portal Projectile              Translocation                3
   e - Teleport Other                 Translocation                3
   f - Passage of Golubria            Translocation                4
Comestibles
 f - 2 bread rations


   Skills:
 - Level 2.0 Fighting
 + Level 3.6 Polearms
 - Level 0.8 Throwing
 - Level 0.7 Armour
 - Level 1.5 Dodging
 - Level 2.0 Spellcasting
 - Level 3.0 Translocations


You had one spell level left.
You knew the following spells:

 Your Spells              Type           Power        Failure   Level  Hunger
a - Apportation           Tloc           #.........   12%         1    ##.....
b - Blink                 Tloc           N/A          14%         2    ###....
c - Shroud of Golubria    Chrm/Tloc      #.........   28%         2    ###....


Dungeon Overview and Level Annotations

Branches:
Dungeon (2/15)

Altars:

Annotations:
D:2 Terence


Innate Abilities, Weirdness & Mutations

You cannot wear boots.
You can spit poison.
Your serpentine skin is tough (AC +1).
You have supernaturally acute eyesight.
Armour fits poorly on your strangely shaped body.
Your system is resistant to poisons.
You cover ground very slowly.


Message History

Your shroud begins to fray at the edges.
You completely miss Terence.
Terence is heavily wounded.
Terence hits you with a flail of holy wrath.
* * * LOW HITPOINT WARNING * * *
Your shroud falls apart!
Casting: Shroud of Golubria
Confirm with . or Enter, or press ? or * to list all spells.
Space distorts slightly along a thin shroud covering your body.
Terence hits you with a flail of holy wrath!
* * * LOW HITPOINT WARNING * * *
Your shroud falls apart!
Use which ability? (? or * to list)
Press: ? - help, Shift-Dir - straight line, f/p - Terence
Aim: Terence, wielding a flail of holy wrath and wearing a scale mail (heavily wounded)
The splash of poison hits Terence.
Terence is heavily wounded.
You feel slightly more hungry.
Terence hits you with a flail of holy wrath!
You die...

......#.#####.#
##.####.#####.###
#.# #.........#
#.. ...###..<..#
#### #.# #.....#
#.# #.....# ..
#.#
#.....######...##
.
#.....##.........
####..@@.........
#.###........ #.#
#####...# #.# ...
###.# . #...#
#†### ########
#†#
.......#####.#


You could see Terence.

Vanquished Creatures
  A worm (D:2)
  3 giant geckos (D:1)
  2 bats (D:1)
  A giant cockroach (D:1)
  6 goblins
  A hobgoblin (D:1)
  3 jackals (D:2)
  2 giant newts
  A kobold (D:1)
  2 rats
22 creatures vanquished.

Notes
Turn   | Place    | Note
--------------------------------------------------------------
     0 | D:1      | eeldvark, the Naga Warper, began the quest for the Orb.
     0 | D:1      | Reached XP level 1. HP: 19/19 MP: 3/3
   237 | D:1      | Reached XP level 2. HP: 20/26 MP: 4/4
   241 | D:1      | Learned a level 2 spell: Blink
   244 | D:1      | Learned a level 2 spell: Shroud of Golubria
   856 | D:2      | Reached XP level 3. HP: 29/32 MP: 3/6
   902 | D:2      | Noticed Terence
   920 | D:2      | Mangled by Terence

Action                   || total
-------------------------++-------
Melee: Spear             ||    92
 Cast: Shroud of Golubri ||     3
 Abil: Spit Poison       ||     5
